 Dungeon Crawl Stone Soup version 0.31-a0-365-gcf821cafb2 (webtiles) character file.

Game seed: 11789063488416477545

13 rocky1 the Ducker (level 2, 22/22 HPs)
             Began as a Merfolk Gladiator on July 28, 2023.
             Quit the game on level 1 of the Dungeon.
             The game lasted 00:00:58 (251 turns).

rocky1 the Ducker (Merfolk Gladiator)                Turns: 251, Time: 00:00:58

Health: 22/22      AC:  6    Str: 14    XL:     2   Next: 37%
Magic:  2/2        EV: 12    Int:  7    God:
Gold:   9          SH:  0    Dex: 15    Spells: 1/1 levels left

rFire   . . .        a - +0 long sword
rCold   . . .        (no shield)
rNeg    . . .        h - +0 ring mail
rPois   .            c - +0 helmet
rElec   .            (no cloak)
rCorr   .            (no gloves)
SInv    .            (no boots)
Will    .....        (no amulet)
Stlth   +            (no ring)
HPRegen 0.23/turn    (no ring)
MPRegen 0.08/turn

%: no passive effects
@: no status effects
A: (nimble swimmer 2), mertail
a: no special abilities


You were on level 1 of the Dungeon.
You visited 1 branch of the dungeon, and saw 1 of its levels.

You collected 9 gold pieces.

Inventory:

Hand Weapons
 a - a +0 long sword (weapon)
Missiles
 d - 3 throwing nets (quivered)
 e - a javelin
Armour
 b - a +0 leather armour
 c - a +0 helmet (worn)
 h - a +0 ring mail (worn)
Talismans
 j - a beast talisman
Scrolls
 f - a scroll of identify {unknown}
Potions
 g - 2 potions of brilliance {unknown}
 i - a potion of ambrosia {unknown}


   Skills:
 + Level 2.3 Fighting
 + Level 3.9 Long Blades
 + Level 2.0 Throwing
 + Level 4.6 Dodging


You had one spell level left.
You didn't know any spells.
Your spell library contained the following spells:

 Spells                   Type           Power      Damage    Failure   Level
 Inner Flame              Hex/Fire       0%         N/A       96%         3
 Yara's Violent Unravell  Hex/Tmut       0%         3d3       100%        5
 Enfeeble                 Hex            0%         N/A       100%        7


Dungeon Overview and Level Annotations

Branches:
Dungeon (1/15)

Altars:


Innate Abilities, Weirdness & Mutations

((You are very nimble when in or above water. (Stealth+, EV+, Speed+++)))
Your lower body shifts to a powerful aquatic tail in water.


Message History

No target in view!
You see here a +0 ring mail.
h - a +0 ring mail You start removing your armour.
You continue taking off your +0 leather armour. x4
You finish taking off your +0 leather armour.
You start putting on your armour.
You continue putting on your +0 ring mail. x5
You finish putting on your +0 ring mail.
Unknown command.
i - a green potion A kobold comes into view.
It is wielding a +0 short sword.
Found a beast talisman.
The kobold shouts!
A kobold is nearby!
Found a scroll labelled ANGIHU EFUH.
The kobold hits you with a +0 short sword.
A giant cockroach comes into view.
You hit the kobold.
You kill the kobold!
The giant cockroach bites you.
You barely miss the giant cockroach. The giant cockroach misses you.
The giant cockroach bites you.
You closely miss the giant cockroach.
The giant cockroach waves its antennae.
The giant cockroach bites you but does no damage.
You hit the giant cockroach.
The giant cockroach is severely wounded.
The giant cockroach bites you but does no damage.
The giant cockroach completely misses you.
You hit the giant cockroach.
You kill the giant cockroach!
No target in view!
No target in view!
Things that are here:
a +0 short sword; 3 stones You see here a beast talisman.
j - a beast talisman
Okay, then.
Are you sure you want to abandon this character and quit the game? (Confirm with "yes".)

#..........#..##.##.....
...........#.##.#######.
##.. ...##.######. .?.
.#.##⌠...⌠#.
#####.#####.#..#..>..#.
#...........#..#.....#.
#..........##..#..<..##
#..............#⌠...⌠#
#...@........########
#.........#.........#
#....#....)............#
.... #.###..##.........#
... ... #...##.........#
........†..###.........#
. ....................##
.......###.#..........
....... ...##..#######


There were no monsters in sight!

Vanquished Creatures
  2 ball pythons (D:1)
  An endoplasm (D:1)
  2 giant cockroaches (D:1)
  2 kobolds (D:1)
  2 bats (D:1)
  3 frilled lizards (D:1)
12 creatures vanquished.

Notes
Turn   | Place    | Note
-------+----------+-------------------------------------------
     0 | D:1      | rocky1 the Merfolk Gladiator began the quest for the Orb.
     0 | D:1      | Reached XP level 1. HP: 16/16 MP: 1/1
   151 | D:1      | Reached XP level 2. HP: 22/22 MP: 2/2
   251 | D:1      | Quit the game

Illustrated notes

Levels and vault maps discovered:
D:1:      amcnicky_arrival_gap_in_the_tavern_cellar, layout_rooms,
          shapermc_ecumenical_altar_starsandcircs, serial_shops,
          nicolae_shop_real_fake_doors

Action                     || total
---------------------------++-------
  Melee: Long sword        ||    41
   Stab: Sleeping          ||     1
 Armour: Leather armour    ||    11
         Ring mail         ||     2
  Dodge: Dodged            ||    43

Table legend: (Time is in decaauts)
 A = Elapsed time spent in this place.
 B = Non-inter-level travel time spent in this place.
 C = Inter-level travel time spent in this place.
 D = Time resting spent in this place.
 E = Time spent auto-exploring this place.
 F = Levels seen in this place.
 G = Mean time per level.
                   A        B        C        D        E       F      G
               +--------+--------+--------+--------+--------+-----+--------+
         Total |    260 |    251 |      9 |      0 |    144 |   1 |  260.0 |
       Dungeon |    260 |    251 |      9 |      0 |    144 |   1 |  260.0 |
               +--------+--------+--------+--------+--------+-----+--------+

Top non-repeatable levels by time:
     D:1: 260 daAuts
